 Dungeon Crawl Stone Soup version 0.28-a0-1415-g7c84da036a (webtiles) character file.

Game seed: 9949121433805037733

15 riojii the Caller (level 2, -1/11 HPs)
             Began as a Felid Summoner on Jan 7, 2022.
             Frozen to death by an endoplasm (5 damage)
             ... on level 1 of the Dungeon.
             The game lasted 00:01:56 (1011 turns).

riojii the Caller (Felid Summoner)                  Turns: 1011, Time: 00:01:56

Health: -1/11      AC:  1    Str:  4    XL:     2   Next: 34%
Magic:  5/6        EV: 17    Int: 16    God:
Gold:   40         SH:  0    Dex: 16    Spells: 4/5 levels left
                                        Lives:  0   Deaths: 0

rFire   . . .      SeeInvis +   (weapon unavailable)
rCold   . . .      Faith    .   (shield unavailable)
rNeg    . . .      Spirit   .   (armour unavailable)
rPois   .          Reflect  .   (helmet unavailable)
rElec   .          Harm     .   (cloak unavailable)
rCorr   .          Rampage  .   (gloves unavailable)
Will    .....                   (boots unavailable)
Stlth   ++........              (no amulet)
HPRegen 0.03/turn               (no ring)
MPRegen 0.10/turn               (no ring)

@: quick
A: very small, claws 1, fangs 3, see invisible, speed 1, shaggy fur 1, stealthy
paws, no weapons or thrown items, no armour, multi-lived
a: no special abilities


You were on level 1 of the Dungeon.
You visited 1 branch of the dungeon, and saw 1 of its levels.

You collected 40 gold pieces.

Inventory:

Scrolls
 a - a scroll of teleportation {unknown}
Potions
 b - 2 potions of curing {unknown}
 c - 2 potions of attraction {unknown}
 d - a potion of haste {unknown}


   Skills:
 - Level 2.6 Dodging
 - Level 2.6 Stealth
 + Level 2.4 Spellcasting
 + Level 4.3 Summonings


You had 4 spell levels left.
You knew the following spells:

 Your Spells              Type           Power      Damage    Failure   Level
a - Summon Small Mammal   Summ           60%        N/A       3%          1

Your spell library contained the following spells:

 Spells                   Type           Power      Damage    Failure   Level
 Call Imp                 Summ           15%        N/A       4%          2
 Call Canine Familiar     Summ           15%        N/A       10%         3
 Summon Guardian Golem    Hex/Summ       8%         N/A       24%         3
 Summon Lightning Spire   Summ/Air       8%         N/A       63%         4


Dungeon Overview and Level Annotations

Branches:
Dungeon (1/15)

Altars:


Innate Abilities, Weirdness & Mutations

You have sharp claws.
You have razor-sharp teeth.
You have supernaturally acute eyesight. (SInv)
You cover ground quickly. (Speed+)
You are covered in fur. (AC +1)
Your paws help you pounce on unaware monsters.
You are incapable of wielding weapons or throwing items.
You cannot wear armour.
You gain extra lives every three experience levels.


Message History

You scratch the endoplasm. You bite the endoplasm.
You kill the endoplasm!
The hobgoblin shouts!
The hobgoblin hits you.
You completely miss the hobgoblin. The hobgoblin misses you.
You barely miss the hobgoblin. You bite the hobgoblin.
The hobgoblin is moderately wounded.
The hobgoblin misses you.
You barely miss the hobgoblin.
The hobgoblin is moderately wounded.
An endoplasm comes into view.
The hobgoblin completely misses you.
The endoplasm quivers.
You scratch the hobgoblin.
The hobgoblin is heavily wounded.
The hobgoblin completely misses you.
You completely miss the hobgoblin.
The hobgoblin is heavily wounded.
The hobgoblin misses you.
You scratch the hobgoblin but do no damage.
The hobgoblin is heavily wounded.
The hobgoblin hits you. The hobgoblin closely misses you.
You scratch the endoplasm but do no damage.
The endoplasm misses you.
You scratch the endoplasm.
The endoplasm is moderately wounded.
The endoplasm hits you.
You scratch the endoplasm but do no damage.
The endoplasm is lightly wounded.
The endoplasm freezes you.
You are frozen.
You scratch the endoplasm.
The endoplasm is moderately wounded.
The endoplasm closely misses you.
Casting: Summon Small Mammal (safe; 3% risk of failure)
Confirm with . or Enter, or press ? or * to list all spells.
The endoplasm freezes you.
You are frozen.
You die...

...#####.# #.#
...#####.# #.#
.........#
#.##########
.#########
#.#####..........#
.#
#..............#.#
.#
#####....g.......#
.# #g########...#
.# #J# #...# .#
#@# ....#
.###############r#
##..#
.................#
..#
##################
#.# .#


You could see an endoplasm (ally target), a hobgoblin and a friendly rat
(summoned).

Vanquished Creatures
  An endoplasm (D:1)
  2 giant cockroaches (D:1)
  6 goblins (D:1)
  A hobgoblin (D:1)
10 creatures vanquished.

Vanquished Creatures (collateral kills)
  An endoplasm (D:1)
  A ball python (D:1)
2 creatures vanquished.

Grand Total: 12 creatures vanquished

Notes
Turn   | Place    | Note
-------+----------+-------------------------------------------
     0 | D:1      | riojii the Felid Summoner began the quest for the Orb.
     0 | D:1      | Reached XP level 1. HP: 7/7 MP: 4/4
   287 | D:1      | Reached XP level 2. HP: 6/11 MP: 6/6
  1011 | D:1      | Frozen to death by an endoplasm

Illustrated notes

Levels and vault maps discovered:
D:1:      dpeg_arrival_simpleton_b, layout_basic

Action                   || total
-------------------------++-------
Melee: Unarmed           ||    47
       Bite              ||     6
       Punch             ||     3
 Cast: Summon Small Mamm ||     6
 Stab: Sleeping          ||     2
Dodge: Dodged            ||    32

Table legend: (Time is in decaauts)
 A = Elapsed time spent in this place.
 B = Non-inter-level travel time spent in this place.
 C = Inter-level travel time spent in this place.
 D = Time resting spent in this place.
 E = Time spent auto-exploring this place.
 F = Levels seen in this place.
 G = Mean time per level.
                   A        B        C        D        E       F      G
               +--------+--------+--------+--------+--------+-----+--------+
         Total |    933 |    933 |      0 |    235 |    560 |   1 |  933.0 |
       Dungeon |    933 |    933 |      0 |    235 |    560 |   1 |  933.0 |
               +--------+--------+--------+--------+--------+-----+--------+

Top non-repeatable levels by time:
     D:1: 933 daAuts
